[Event "67th Mexican-ch Open 2022"]
[Site "Chihuahua"]
[Date "2022.04.13"]
[Round "1.12"]
[White "Fernandez Hernandez, Arturo A."]
[Black "Martinez Martinez, Ian Alf"]
[Result "1-0"]
[ECO "D11"]
[WhiteElo "2376"]
[BlackElo "1821"]
[Annotator "TA"]
[PlyCount "89"]
[EventDate "2022.04.12"]
[EventType "swiss"]
[EventCountry "MEX"]
[SourceTitle "playchess.com"]
[Source "ChessBase"]
[SourceQuality "1"]
[TimeControl "5400+30"]

1. d4 d5 2. Nf3 c6 3. e3 Nf6 4. Bd3 Bg4 5. Nbd2 Nbd7 6. c4 (6. h3 $5 Bh5 7. O-O $11) 6... e5 {[%emt 0:10:26] [#] And now ...e4 would win. was the old line (6...e6). D11: Slav Defence: 3 Nf3 sidelines and 3...Nf6 4 e3 Bg4.} 7. cxd5 Nxd5 8. h3 Bxf3 {[%emt 0:08:43] The position is equal.} 9. Nxf3 {[%emt 0:01:12] [#]} Qa5+ $146 ({Predecessor:} 9... Bb4+ 10. Bd2 Qe7 11. Bc4 exd4 12. Nxd4 N7b6 13. Be2 Rd8 14. O-O O-O 15. Bxb4 Nxb4 {½-½ (43) Genocchio,D (2353)-Lazic,M (2471) Genova 2004}) 10. Bd2 Qc7 11. O-O $36 {[%emt 0:04:40][%mdl 2048] White has the initiative.} Bd6 12. Rc1 exd4 13. Nxd4 Be5 14. Bb1 (14. Qc2 $16) 14... g6 $11 15. e4 Nf4 16. Be3 Rd8 {[%emt 0:00:00] [#]} (16... Bxd4 $11 17. Bxd4 Ne5) 17. Qc2 ({White should try} 17. g3 $1 $16 ) 17... O-O 18. Rcd1 Rfe8 19. a3 (19. g3 $5 ) 19... Qb8 (19... Nh5 $11 {remains equal.}) 20. Ba2 Nf8 21. Nf3 Bf6 22. b4 N8e6 23. h4 Rxd1 24. Rxd1 Rd8 {[%emt 0:00:14] Prevents Rd7.} (24... Nf8 $16 {is a better defense.}) 25. g3 $18 Nh5 26. Kg2 (26. Bxe6 $18 fxe6 27. Rxd8+ Bxd8 28. Qd3) 26... Nhg7 $16 27. Rxd8+ Nxd8 28. Qd2 {[%emt 0:05:55][%cal Oe4e5] Hoping for e5! &Bianco is more active.} Nde6 29. Qd7 {[%emt 0:14:13] Bh6 is the strong threat.} Qe8 {[%emt 0:00:25] Loses the game.} (29... Qc7 $16 {was worth a try.} 30. Qxc7 Nxc7) 30. Qxe8+ Nxe8 31. e5 ({Don't play} 31. Bxa7 Bb2 $16) 31... Bd8 (31... Be7 $16 32. Bxa7 N8c7) 32. Bxe6 $18 ({Much less strong is} 32. Bxa7 N8g7 33. Nd2 Nf5) 32... fxe6 33. Bxa7 {[%emt 0:00:00][%mdl 4096] Endgame KBN-KBN} Nc7 $2 (33... Bc7 34. a4 Ng7) 34. Bb6 Kf7 35. Nd4 Ke7 36. f4 Nb5 $2 (36... Kd7 37. Kf3 h6 38. Bxc7 Bxc7) 37. Bxd8+ Kxd8 38. Nxb5 cxb5 {[%emt 0:00:01] KP-KP} 39. h5 {[%emt 0:05:00] White mates.} Ke8 40. Kh3 Kf7 41. Kh4 h6 42. g4 Kg7 43. g5 b6 44. gxh6+ Kxh6 45. hxg6 {[%emt 0:00:00] Weighted Error Value: White=0.17 (very precise) /Black=0.40} 1-0

[Event "67th Mexican-ch Open 2022"]
[Site "Chihuahua"]
[Date "2022.04.13"]
[Round "1.13"]
[White "Rivera Garcia, David Moises"]
[Black "Galaviz Medina, Sion Radamantys"]
[Result "0-1"]
[ECO "B83"]
[WhiteElo "1780"]
[BlackElo "2374"]
[Annotator "TA"]
[PlyCount "52"]
[EventDate "2022.04.12"]
[EventType "swiss"]
[EventCountry "MEX"]
[SourceTitle "playchess.com"]
[Source "ChessBase"]
[SourceQuality "1"]
[TimeControl "5400+30"]

1. e4 c5 2. Nf3 d6 3. d4 cxd4 4. Nxd4 Nf6 5. Nc3 e6 6. Be2 Be7 {[%emt 0:02:00] [#]} 7. Qd2 $146 {[%emt 0:00:16] B83: Sicilian Scheveningen: 6 Be2, lines without ...a6.} ({Predecessor:} 7. Be3 O-O 8. Qd2 e5 9. Nb3 a5 10. a3 a4 11. Nc1 Nc6 12. O-O Nxe4 13. Nxe4 d5 14. Ng3 d4 15. Bh6 gxh6 {0-1 (32) Miton,K (2612)-Nisipeanu,L (2687) Germany 2017}) 7... O-O 8. b3 d5 9. exd5 {[%emt 0:02:47] The position is equal.} Bb4 {[%emt 0:01:13] [#] ...Qa5 is the strong threat.} 10. Bf3 e5 11. Ndb5 a6 {[%emt 0:02:34][%mdl 1024] And now ...e4 would win. Black has compensation.} 12. Na3 $2 (12. Ba3 $11 {and White has nothing to worry.} Bxa3 13. Nxa3) 12... e4 $19 13. Be2 e3 14. Qd3 {[%emt 0:02:55] [#]} (14. fxe3 {only move.} Ne4 15. Nxe4 Bxd2+ 16. Nxd2) 14... Bf5 $1 15. Qc4 (15. Qxf5 Bxc3+) 15... Qa5 16. Nab1 Rc8 17. Qd4 Bxc3+ 18. Nxc3 Qxc3+ ({But not} 18... Rxc3 $2 19. O-O Rxc2 20. Qxe3 $19) 19. Qxc3 Rxc3 20. Bb2 $2 (20. Bxe3 Nbd7 21. Bf3) 20... exf2+ {[%emt 0:01:09] Black is clearly winning.} 21. Kxf2 Ne4+ 22. Kf1 Rxc2 23. Be5 Nd7 24. Bf4 Re8 25. a3 g5 26. Rc1 Nc3 {[%emt 0:01:39] White did not feel at home in the position after the opening.  Weighted Error Value: White=1.28/Black=0.35} 0-1

[Event "67th Mexican-ch Open 2022"]
[Site "Chihuahua"]
[Date "2022.04.13"]
[Round "1.14"]
[White "Diaz Rosas, Julio Cesar"]
[Black "Pena Davalos, David"]
[Result "1-0"]
[ECO "C02"]
[WhiteElo "2393"]
[BlackElo "1761"]
[Annotator "TA"]
[PlyCount "55"]
[EventDate "2022.04.12"]
[EventType "swiss"]
[EventCountry "MEX"]
[SourceTitle "playchess.com"]
[Source "ChessBase"]
[SourceQuality "1"]
[TimeControl "5400+30"]

1. e4 e6 2. d4 d5 3. e5 c5 4. c3 Nc6 5. Nf3 Bd7 6. Be2 f6 7. O-O fxe5 8. dxe5 Qc7 9. Re1 O-O-O {[%emt 0:01:49] C02: French: Advance Variation.} (9... Nxe5 $2 10. Nxe5 Nf6 11. Bg5 $1 $18) 10. Bf1 $1 {[%emt 0:07:29][%cal Ob2b4] [#]} h6 $146 (10... Nh6 $11) ({Predecessor:} 10... Nh6 11. Bg5 Re8 12. c4 d4 13. Nbd2 Nf7 14. Bf4 Be7 15. Ne4 h6 16. Bg3 g5 {0-1 (55) Pridorozhni,A (2550)-Ponkratov,P (2593) Khanty-Mansiysk 2011}) 11. b4 (11. Na3 $1 $16) 11... cxb4 $14 {[%emt 0:09:09] White is slightly better.} 12. cxb4 Bxb4 13. Bd2 Bxd2 14. Nbxd2 (14. Qxd2 $5 Kb8 15. Nc3 $11) 14... Nge7 15. Nb3 g5 {[%emt 0:04:29] [#]} (15... Kb8 $11 {remains equal.}) 16. Rc1 (16. Nc5 $1 $16) 16... Kb8 17. Nc5 {[%emt 0:02:31] Threatens to win with Rb1.} Bc8 $2 {[%emt 0:02:45] [#]} (17... Ka8 $1 $11) 18. Nd4 $1 $18 Qa5 19. Ncxe6 Bxe6 20. Nxe6 Rc8 21. Rc5 Qxa2 22. Re2 Qa3 23. Qb1 {[%emt 0:00:57][%mdl 1024] White has strong compensation. &Bianco is more active.} Nb4 {[%emt 0:08:48] Inhibits Ra2.} (23... Nd8 24. Ra2 Qxc5 25. Nxc5 Rxc5) 24. Re3 Qa4 25. Rb3 Nec6 (25... Rxc5 26. Nxc5 Qc6 27. Rxb4 Qxc5 28. Rxb7+ Ka8) 26. Bb5 {[%emt 0:00:55] White is clearly winning.} Qa2 27. Qxa2 {[%emt 0:00:10][%mdl 64] Deflection} Nxa2 28. Bxc6 {[%emt 0:00:13] Weighted Error Value: White=0.11 (very precise) /Black=0.67} 1-0

[Event "67th Mexican-ch Open 2022"]
[Site "Chihuahua"]
[Date "2022.04.13"]
[Round "1.15"]
[White "Dominguez Gonzalez, Edgar"]
[Black "Torres Rosas, Luis Carlos"]
[Result "0-1"]
[ECO "C02"]
[WhiteElo "1785"]
[BlackElo "2356"]
[Annotator "TA"]
[PlyCount "54"]
[EventDate "2022.04.12"]
[EventType "swiss"]
[EventCountry "MEX"]
[SourceTitle "playchess.com"]
[Source "ChessBase"]
[SourceQuality "1"]
[TimeControl "5400+30"]

1. e4 e6 2. d4 d5 3. e5 c5 4. c3 Qb6 5. Nf3 Nc6 6. a3 c4 7. Nbd2 Na5 8. g3 Bd7 9. h4 Ne7 10. Bh3 {[%emt 0:00:27] C02: French: Advance Variation.} Qc7 11. O-O Nc8 12. Nh2 {[%emt 0:01:03] Black has an edge.} Nb6 13. f4 g6 {[%emt 0:09:26] [#]} 14. Qe1 $146 ({Predecessor:} 14. Ng4 O-O-O 15. Nf6 Ba4 16. Qf3 Be7 17. Ng4 h6 18. Ne3 Kb8 19. Bg2 Rdf8 20. Rb1 {0-1 (65) Maloba,D (1617)-Goosen,A (2002) Bloemfontein 2018}) 14... O-O-O 15. Bg4 Ba4 16. Bd1 Qc6 17. Rf3 Bxd1 18. Qxd1 Qa4 19. Qxa4 Nxa4 20. Rb1 Kb8 21. b3 ({White should play} 21. Rf2 $15) 21... cxb3 $17 22. Nxb3 Nc4 23. Ng4 h5 ({Don't take} 23... Bxa3 24. Bxa3 Nxa3 25. Ra1 $18) 24. Ne3 {[%emt 0:00:05] [#] This move loses the game for White.} (24. Nf2 $17 {was called for.}) 24... Nxc3 $19 25. Ra1 Ne2+ 26. Kf2 Nxc1 27. Nxc1 Nd2 {[%emt 0:00:13] Weighted Error Value: White=0.38/Black=0.04 (flawless)} 0-1

[Event "67th Mexican-ch Open 2022"]
[Site "Chihuahua"]
[Date "2022.04.13"]
[Round "1.16"]
[White "Figueredo Losada, Leonel"]
[Black "Contreras Frias, Gabriel"]
[Result "1-0"]
[ECO "E93"]
[WhiteElo "2342"]
[BlackElo "1771"]
[Annotator "TA"]
[PlyCount "50"]
[EventDate "2022.04.12"]
[EventType "swiss"]
[EventCountry "MEX"]
[SourceTitle "playchess.com"]
[Source "ChessBase"]
[SourceQuality "1"]
[TimeControl "5400+30"]

1. d4 Nf6 2. c4 g6 3. Nc3 Bg7 4. e4 d6 5. Be2 O-O 6. Be3 e5 7. d5 Nbd7 8. Nf3 a5 9. Nd2 Nc5 10. a3 {[%emt 0:00:12][%cal Ba2a3,Ba3b4][%mdl 32] 10.h4 is the hot move.} b6 {[%emt 0:05:02] E93: King's Indian: Classical: Petrosian System with 7...Nbd7.} 11. b4 axb4 12. axb4 {[%emt 0:00:06][%mdl 64] [#] Discovered Attack} Rxa1 {[%emt 0:00:06] White is better.} 13. Qxa1 Ncd7 14. O-O Ne8 {[%emt 0:02:47] [#]} 15. Qa8 $146 ({Predecessor:} 15. Nb5 f5 16. f3 f4 17. Bf2 Nb8 18. c5 bxc5 19. bxc5 Ba6 20. c6 g5 21. Rb1 {1-0 (35) Morasso,J-Spata,R (2105) Chivilcoy 1998}) 15... f5 16. f3 {[%emt 0:00:07] 0x0.0017ad110bf2dp-1022s more active pieces. The black rooks are badly placed.} (16. Nf3 $142) 16... f4 $2 {[%emt 0:00:04] A mistake that costs the game.} (16... Bf6 $16) 17. Bf2 $18 g5 18. Nb5 {[%emt 0:00:10][%cal Bc3b5,Bb5a7,Ba7c6][%mdl 32] [#] Threatens to win with Na7.} h5 $2 (18... Bh6 19. Na7 Ng7) 19. Ra1 (19. Na7 $142 Nef6 20. Nc6 (20. Qxc8 Qxc8 21. Nxc8 Rxc8 $16)) 19... Kf7 $2 (19... Bh6 20. Na7 Ng7) 20. Na7 {[%emt 0:01:46] White is clearly winning.} Nef6 21. Nc6 ({Not} 21. Nxc8 Qxc8 22. Qc6 Qb8 $18) 21... Qe8 22. Qa7 Kg8 23. Qxc7 Qf7 24. Ra8 Ne8 25. Qxc8 Nef6 {[%emt 0:00:30] Weighted Error Value: White=0.37/Black=0.78} 1-0

[Event "67th Mexican-ch Open 2022"]
[Site "Chihuahua"]
[Date "2022.04.13"]
[Round "1.17"]
[White "Kowalski Davila, Emilio Luis"]
[Black "Garcia Guerrero, Isaac Antonio"]
[Result "0-1"]
[ECO "E51"]
[WhiteElo "1735"]
[BlackElo "2338"]
[Annotator "TA"]
[PlyCount "86"]
[EventDate "2022.04.12"]
[EventType "swiss"]
[EventCountry "MEX"]
[SourceTitle "playchess.com"]
[Source "ChessBase"]
[SourceQuality "1"]
[TimeControl "5400+30"]

1. d4 d5 2. c4 e6 3. Nc3 Bb4 4. e3 Nf6 5. a3 Bxc3+ 6. bxc3 O-O {[%emt 0:00:19] 6...c6 is the fancy move.} 7. Nf3 c5 8. h3 {[%emt 0:04:10] E51: Nimzo-Indian: Rubinstein: 4...0-0 5 Nf3 d5.} Qc7 9. cxd5 exd5 {[%emt 0:01:28] [#]} 10. Bd2 $146 (10. a4 $11) ({Predecessor:} 10. Bb2 c4 11. Be2 Nc6 12. O-O Bf5 13. Qd2 h6 14. Nh4 Bh7 15. Bd1 Na5 16. Bc2 Nb3 17. Bxb3 cxb3 {0-1 (36) White,R (1637)-Wilkinson,D ICCF email 2019}) 10... Bf5 ({Black should try} 10... c4 $1 $17) 11. Ne5 (11. c4 $11) 11... Nc6 12. Nxc6 bxc6 13. Be2 Ne4 14. O-O Rab8 15. Be1 {[%emt 0:07:55] [#]} (15. c4 $15) 15... c4 $1 $17 16. Qc1 Rfe8 17. g4 {[%emt 0:12:41] [#]} Bg6 {[%emt 0:03:33] 0x0.001a398f4aa0dp-1022s more active pieces. The white rooks are badly placed.} 18. Kg2 (18. Bd1 $17 {keeps fighting.}) 18... Qb7 (18... Rb3 $19 {White must now prevent ...Reb8.} 19. Bd1 Reb8 20. Bxb3 cxb3) 19. Ra2 Qb3 20. Qa1 Nf6 {[%emt 0:02:13] And now ...Bb1 would win.} 21. Bd1 Qb7 $36 {[%emt 0:02:48][%mdl 2048] Strongly threatening ...Bb1. Keeping White busy.} 22. Qc1 (22. f3 $17) 22... Bb1 $19 23. Re2 (23. Ra1 $142) 23... Bd3 24. Ra2 Bxf1+ 25. Kxf1 Qb1 26. Qxb1 Rxb1 27. Bc2 Rb6 28. Ke2 Reb8 29. Kd1 Rb2 30. Ra1 Re8 31. a4 a5 32. Kc1 Rb7 33. Ra2 Ne4 34. f4 f6 35. Bd1 (35. Rb2 $142 Rxb2 36. Kxb2) 35... Reb8 {[%emt 0:01:19] Black is clearly winning.} 36. Bc2 g6 37. h4 h6 38. f5 gxf5 39. gxf5 Kf7 40. Bd1 Rb1+ 41. Kc2 Ke7 42. h5 R8b7 43. Bd2 Nxd2 {[%emt 0:00:56] Weighted Error Value: White=0.53/Black=0.20 (precise)} 0-1

[Event "67th Mexican-ch Open 2022"]
[Site "Chihuahua"]
[Date "2022.04.13"]
[Round "1.18"]
[White "Benitez Lozano, Javier"]
[Black "Villanueva De Leon, Vanessa"]
[Result "1-0"]
[ECO "A59"]
[WhiteElo "2309"]
[BlackElo "1729"]
[Annotator "TA"]
[PlyCount "75"]
[EventDate "2022.04.12"]
[EventType "swiss"]
[EventCountry "MEX"]
[SourceTitle "playchess.com"]
[Source "ChessBase"]
[SourceQuality "1"]
[TimeControl "5400+30"]

1. d4 Nf6 2. c4 c5 3. d5 b5 4. cxb5 a6 5. bxa6 Bxa6 6. Nc3 g6 7. e4 Bxf1 8. Kxf1 d6 9. g3 Bg7 10. Kg2 O-O 11. Nf3 Nbd7 12. a4 {[%emt 0:00:43] A59: Benko/Volga Gambit: White castles by hand.} Qb6 13. Ra3 Rfb8 14. Nd2 $1 {[%emt 0:03:57][%mdl 4] White is better. now scores much better than the old 14.Qc2.} Ne8 15. Nb5 Nc7 16. Nc4 Qb7 17. Nxc7 {[%emt 0:01:11] &Bianco is more active.} Qxc7 18. a5 {[%emt 0:00:31] [#]} Rb4 $146 ({Predecessor:} 18... Ne5 19. Nb6 Ra7 20. b3 Nd7 21. Nc4 Ne5 22. Nxe5 Bxe5 23. Bd2 Qb7 24. Qc2 Bd4 {½-½ (61) Fischer,W (2440)-Rook,D (2445) ICCF email 2019}) 19. Qc2 Qb7 20. Bd2 Rb5 21. Bc3 Qa6 22. h4 Bxc3 23. Rxc3 Rab8 (23... Nf6 $16 24. b3 h5) 24. h5 $18 Ne5 $2 (24... g5 25. h6 Nf8) 25. hxg6 fxg6 26. Nxe5 dxe5 27. Qc1 {[%emt 0:00:21] [#] Black must now prevent Qh6.} (27. Rxc5 Rxb2 28. Qd1 Qa7 $14) 27... Rxb2 $2 (27... h5 28. Rf3 Rb3 29. Rxb3 (29. Qxc5 Rxf3 30. Kxf3 Rxb2 $16) 29... Rxb3) 28. Rf3 {[%emt 0:06:13] Intending Qh6 and mate.} Rb1 29. Qxc5 (29. Qxb1 $142 Rxb1 30. Rxb1) 29... Rxh1 30. Kxh1 {[%emt 0:00:03][%mdl 4096] Endgame KQR-KQR} Qf1+ $2 {[%emt 0:05:20] [#]} (30... Qe2 31. Kg2 Qxe4) 31. Kh2 Qd1 32. Kg2 {[%emt 0:00:50] White mates.} Rf8 33. Rxf8+ Kxf8 34. Qc8+ Kg7 35. Qc3 Qa4 36. Qxe5+ Kf7 37. Qe6+ Kf8 38. a6 {[%emt 0:01:30] Weighted Error Value: White=0.32/Black=0.44} 1-0

[Event "67th Mexican-ch Open 2022"]
[Site "Chihuahua"]
[Date "2022.04.13"]
[Round "1.19"]
[White "Jimenez Jimenez, Dante Edgar"]
[Black "Sandoval Mercado, Carlos"]
[Result "0-1"]
[ECO "E81"]
[WhiteElo "1721"]
[BlackElo "2289"]
[Annotator "TA"]
[PlyCount "129"]
[EventDate "2022.04.12"]
[EventType "swiss"]
[EventCountry "MEX"]
[SourceTitle "playchess.com"]
[Source "ChessBase"]
[SourceQuality "1"]
[TimeControl "5400+30"]

1. d4 Nf6 2. c4 g6 3. Nc3 Bg7 4. e4 d6 5. f3 O-O 6. Be3 c5 7. dxc5 dxc5 8. Qxd8 Rxd8 9. Bxc5 Nc6 10. Rd1 Rxd1+ {[%emt 0:00:00] E81: King's Indian: Sämisch: 6th move deviations (including 6 Be3 c6).} 11. Kxd1 {[%emt 0:01:05] The main line 11.Kxd1 scores better than 11.Nxd1.} b6 12. Ba3 Ba6 {[%emt 0:00:00] The position is equal.} 13. Nh3 Rd8+ 14. Kc1 {[%emt 0:01:02] [#]} Nd7 $146 ({Predecessor:} 14... Bh6+ 15. Kb1 e6 16. Be2 Rd2 17. Rd1 Nd4 18. Bf1 Nd7 19. b3 Rxd1+ 20. Nxd1 f5 21. exf5 exf5 {1-0 (42) Le Grix de la Salle,J (1897)-Ernouf,A (1928) Montigny le Bretonneux 2008}) 15. Nd5 e6 16. Nb4 Bh6+ 17. Kb1 (17. Kc2 $1 $11 Nd4+ 18. Kb1) 17... Nxb4 18. Bxb4 Ne5 {[%emt 0:00:00] White must now prevent ...Rd1+.} 19. Be2 {[%emt 0:05:06] Prevents Rd1+.} Nxc4 20. Re1 $1 Nd2+ 21. Kc2 $1 Bxe2 22. Rxe2 Nf1 23. g3 Ne3+ 24. Kb3 b5 25. Rd2 (25. f4 $14 Ng4 26. e5) 25... Ra8 26. Ba5 (26. f4 $11) 26... Nc4 $36 {[%emt 0:00:00][%mdl 2048] Black fights for an advantage.} 27. Rd8+ Rxd8 28. Bxd8 {[%emt 0:00:02][%mdl 4096] Endgame KBN-KBN} Bf8 {[%emt 0:00:00] aiming for ...Nd2+.} 29. Bg5 {[%emt 0:01:09] [#] Prevents Nd2+.} ({White should try} 29. Kc2 $15) 29... Bc5 ({Black should play} 29... Ne5 $1 $17 30. f4 Nf3) 30. a4 a6 31. axb5 axb5 32. Kc3 {[%emt 0:00:44] [#]} (32. Bf4 $11 {remains equal.}) 32... Ne5 $1 $17 {[%emt 0:00:32] &Nero is more active. Black converts the advantage convincingly.} 33. f4 Ng4 34. e5 {[%emt 0:02:20] Prevents f6.} Nxh2 35. Bh6 $2 (35. Kd3 $17) 35... Nf1 $19 36. g4 Ne3 37. g5 Nd5+ 38. Kd3 Bb6 39. Ke4 (39. b3 $142) 39... Bc5 {[%emt 0:02:02] Hoping for ...Nb4.} 40. Kd3 $1 Nb4+ 41. Ke2 Bd4 42. b3 Nc6 {[%emt 0:00:29] ...Na5 is the strong threat.} 43. Kd3 Ba7 44. Kc3 Bc5 45. Kd3 Nb4+ 46. Ke2 Bb6 47. Kd2 Bc5 $2 (47... Ba7 $19 {Threatens to win with ...Bb6.} 48. Kc3 Nc6) 48. Kc3 $2 (48. Ke2 $1 $11) 48... Nd5+ 49. Kd3 Ne7 50. Ke2 Nf5 {[%emt 0:00:02] Strongly threatening ...Nd4+.} 51. Kd3 Nh4 52. Ke2 Bb6 ({Don't blunder} 52... Nf5 $2 53. Kd2 $19) 53. Nf2 $2 (53. Kd3 $19) 53... Bxf2 ({Weaker is} 53... Nf5 54. Ng4 $17) 54. Kxf2 {[%emt 0:00:01] KB-KN} Nf5 55. Ke1 Nd4 56. Kd2 Nxb3+ 57. Kc3 Nc5 58. Kb4 Nd3+ 59. Kxb5 Nxf4 60. Kc5 Nd5 61. Kd6 Ne3 {[%emt 0:00:21] ( -> ...Nf5+)} 62. Kc5 Nf5 {[%emt 0:00:06] Black mates.} 63. Kc4 Nxh6 64. gxh6 f6 65. Kd4 {[%emt 0:20:21] Weighted Error Value: White=0.49/Black=0.25 (precise)} 0-1

[Event "67th Mexican-ch Open 2022"]
[Site "Chihuahua"]
[Date "2022.04.13"]
[Round "1.20"]
[White "Diaz Villagran, Robert"]
[Black "Baeza, Patricio"]
[Result "1-0"]
[ECO "B22"]
[WhiteElo "2318"]
[BlackElo "1711"]
[Annotator "TA"]
[PlyCount "73"]
[EventDate "2022.04.12"]
[EventType "swiss"]
[EventCountry "MEX"]
[SourceTitle "playchess.com"]
[Source "ChessBase"]
[SourceQuality "1"]
[TimeControl "5400+30"]

1. e4 c5 2. c3 Nf6 3. e5 Nd5 4. d4 cxd4 5. Nf3 d6 6. Bc4 Nb6 7. Bb3 Nc6 8. exd6 e6 9. cxd4 Bxd6 10. O-O O-O 11. Nc3 a6 12. Re1 {[%emt 0:00:30] B22: Sicilian: 2 c3.} Nd5 13. Bc2 Ncb4 14. Bb1 {[%emt 0:00:30] [#] White is slightly better.} Qc7 $146 ({Predecessor:} 14... Nf6 15. Bg5 Nbd5 16. Ne5 h6 17. Bh4 Be7 18. Nxd5 exd5 19. Bxf6 Bxf6 20. a4 Bxe5 21. dxe5 Be6 22. Ra3 Rc8 {1-0 (37) Liascovich,L (2237)-Deleau,A Buenos Aires 2000}) 15. a3 Nxc3 16. bxc3 Nd5 (16... Qxc3 $2 17. Bd2 Qc7 18. Bxb4 $18) 17. Qd3 $40 {[%emt 0:00:30][%csl Gb1][%cal Rd3h7][%mdl 128] Black is in trouble.} g6 18. c4 Ne7 19. Bg5 b5 20. c5 (20. cxb5 axb5 21. Qxb5 Ra5 $11) 20... Bf4 21. Bxe7 Qxe7 22. Qe4 Bb8 23. Ba2 ({Weaker is} 23. Qxa8 Bb7 24. Qxb7 (24. Rxe6 $2 fxe6 25. Qxb7 Qxb7 $19) 24... Qxb7 $17) 23... Qc7 24. Qh4 {[%emt 0:01:00] &Bianco is more active.} ({And not} 24. Qxa8 Bb7 25. Qxb7 Qxb7 $17) (24. Ne5 $16) 24... Bb7 $2 {[%emt 0:01:30][%mdl 8192] [#] This costs Black the game.} (24... Qf4 $11) 25. Ng5 $1 $18 h5 {[%emt 0:00:30] [#]} (25... Qxh2+ $142 26. Qxh2 Bxh2+ 27. Kxh2 Rfd8) 26. Nxe6 $1 fxe6 27. Rxe6 Kh8 28. Rxg6 {[%emt 0:00:30] Intending Rh6+ and mate.} Rf5 (28... Qh7 $2 29. Bb1 Bf4 30. Rf6 Rxf6 31. Bxh7) (28... Qxh2+ $142 29. Qxh2 Bxh2+ 30. Kxh2 Be4) 29. Re1 {[%emt 0:00:30][%cal Oe1e5] White threatens Re5! and mate.} Kh7 30. Rge6 (30. Rg3 $142 Bc8 31. Bb1) 30... Qxh2+ 31. Qxh2 Bxh2+ 32. Kxh2 Rxf2 33. Re7+ Kh6 34. R1e6+ Kg5 35. Rg7+ Kh4 36. Rxb7 {[%emt 0:00:30][%cal Ob7g7] Threatening mate with Rg7!} Rxa2 37. Rg7 {[%emt 0:00:30] Weighted Error Value: White=0.13 (very precise) /Black=0.79} 1-0

[Event "67th Mexican-ch Open 2022"]
[Site "Chihuahua"]
[Date "2022.04.13"]
[Round "1.21"]
[White "Serrato, Rafael Antonio"]
[Black "Capo Vidal, Uriel"]
[Result "1-0"]
[ECO "D00"]
[WhiteElo "1707"]
[BlackElo "2306"]
[Annotator "TA"]
[PlyCount "93"]
[EventDate "2022.04.12"]
[EventType "swiss"]
[EventCountry "MEX"]
[SourceTitle "playchess.com"]
[Source "ChessBase"]
[SourceQuality "1"]
[TimeControl "5400+30"]

1. d4 d5 2. Bf4 Nf6 3. e3 c5 4. c3 Nc6 5. Bd3 Qb6 6. Qc1 {[%emt 0:03:45] D00: 1 d4 d5: Unusual lines.} (6. b3 $11) 6... Bg4 ({Black should play} 6... cxd4 $17 {White must now prevent ...e5.} 7. cxd4 Nb4) 7. h3 $11 Bh5 8. Nd2 {[%emt 0:01:26] The position is equal.} Rc8 9. Qb1 Bg6 10. Bxg6 hxg6 11. Ngf3 {[%emt 0:00:17] [#]} cxd4 $146 ({Predecessor:} 11... e6 12. O-O Be7 13. Ne5 Nxe5 14. Bxe5 cxd4 15. exd4 Bd6 16. Re1 O-O 17. Qc2 Bxe5 18. dxe5 {0-1 (54) Kraemer,M (2046)-Hofer,E (2208) Innsbruck 2018}) 12. exd4 Qa6 13. Ne5 Nxe5 14. Bxe5 Nd7 15. Bg3 Rc6 16. Qc2 e5 (16... g5 $11) 17. Nf3 (17. Bxe5 $14 Re6 18. O-O-O) 17... e4 18. Ne5 Nxe5 19. Bxe5 f6 20. Bg3 f5 21. Qe2 Qa5 22. Be5 g5 23. f3 {[%emt 0:00:58][%cal Bf2f3,Bf3e4,Be4f5][%mdl 32] [#] aiming for fxe4.} g4 (23... Rxc3 $2 24. bxc3 Qxc3+ 25. Kf2 $18) (23... Bd6 $11) 24. fxe4 $16 {[%emt 0:01:35] White now steadily converts the win.} gxh3 (24... fxe4 $16 {is a better defense.} 25. Qxg4 Qb5) 25. exf5 $18 Kf7 (25... hxg2 {was necessary.} 26. Qxg2 Rxh1+ 27. Qxh1 Rh6) 26. g4 (26. Rxh3 Rxh3 27. gxh3 Rxc3 $16) 26... Be7 27. O-O Qd8 28. Qf3 Bh4 29. Rad1 Rh7 30. Rd2 Kg8 31. Re2 (31. Rh2 Bg5 32. Rxh3 Rxh3 33. Qxh3 Rh6 $18) 31... Rhh6 32. Bf4 Bg5 33. Rfe1 ({But not} 33. Bxg5 Qxg5 34. Qxd5+ Kh7 $18) 33... Bxf4 $2 (33... Rc8 $18 34. Bxg5 Qxg5 35. Qxd5+ Kh7) 34. Re8+ Qxe8 35. Rxe8+ Kf7 36. Rd8 h2+ 37. Kh1 Rhd6 38. Rxd6 Bxd6 39. Qxd5+ {[%emt 0:00:30][%mdl 4096] Endgame KQ-KRB} Kf6 40. c4 Kg5 41. c5 Bc7 42. Qe4 {[%emt 0:00:30] [#] And now d5 would win.} Bf4 43. Qg2 Ra6 44. a3 Ra4 45. Qh3 {[%emt 0:00:30] Hoping for Qh5+.} Rxd4 46. Qh5+ Kf6 47. Qg6+ {[%emt 0:00:30] Weighted Error Value: White=0.16 (very precise) /Black=0.48} 1-0